 Dungeon Crawl Stone Soup version 0.28.0-45-g0d030f2227 (webtiles) character file.

Game seed: 7067459944097304984

7 psko the Conjurer (level 1, -2/9 HPs)
             Began as a Spriggan Conjurer on May 2, 2022.
             Slain by a quokka (3 damage)
             ... on level 1 of the Dungeon.
             The game lasted 00:01:36 (289 turns).

psko the Conjurer (Spriggan Conjurer)                Turns: 289, Time: 00:01:37

Health: -2/9       AC:  2    Str:  3    XL:     1   Next: 91%
Magic:  1/5        EV: 17    Int: 19    God:
Gold:   13         SH:  0    Dex: 13    Spells: 4/5 levels left

rFire   . . .      SeeInvis +   c - +0 short sword
rCold   . . .      Faith    .   (no shield)
rNeg    . . .      Spirit   .   a - +0 robe
rPois   .          Reflect  .   (helmet restricted)
rElec   .          Harm     .   (no cloak)
rCorr   .          Rampage  .   (gloves unavailable)
Will    .....                   (boots unavailable)
Stlth   ++........              (no amulet)
HPRegen 0.03/turn               (no ring)
MPRegen 0.09/turn               (no ring)

@: very quick
A: very small, no large weapons, unfitting armour, see invisible, speed 3
a: no special abilities


You were on level 1 of the Dungeon.
You visited 1 branch of the dungeon, and saw 1 of its levels.

You collected 13 gold pieces.

Inventory:

Hand Weapons
 c - a +0 short sword (weapon)
Armour
 a - a +0 robe (worn)
Scrolls
 b - a scroll of teleportation {unknown}


   Skills:
 + Level 2.7 Dodging
 + Level 3.0 Stealth
 + Level 2.7 Spellcasting
 + Level 3.2 Conjurations


You had 4 spell levels left.
You knew the following spells:

 Your Spells              Type           Power      Damage    Failure   Level
a - Magic Dart            Conj           60%        1d6       4%          1

Your spell library contained the following spells:

 Spells                   Type           Power      Damage    Failure   Level
 Searing Ray              Conj           30%        2d5       6%          2
 Dazzling Flash           Conj/Hex       16%        N/A       24%         3
 Fulminant Prism          Conj/Hex       4%         3d6       63%         4
 Iskenderun's Mystic Bla  Conj/Tloc      8%         2d4       63%         4


Dungeon Overview and Level Annotations

Branches:
Dungeon (1/15)

Altars:


Innate Abilities, Weirdness & Mutations

You are very small and have problems with some larger weapons.
You are too small for most types of armour.
You have supernaturally acute eyesight. (SInv)
You cover ground extremely quickly. (Speed+++)


Message History

Casting: Magic Dart (safe; 4% risk of failure)
Confirm with . or Enter, or press ? or * to list all spells.
Aiming: Magic Dart (safe; 4% risk of failure)
Press: ? - help, Shift-Dir - straight line, f/p - quokka
Aim: a quokka (100% to hit)
The magic dart hits the quokka but does no damage.
Casting: Magic Dart (safe; 4% risk of failure)
Confirm with . or Enter, or press ? or * to list all spells.
Aiming: Magic Dart (safe; 4% risk of failure)
Press: ? - help, Shift-Dir - straight line, f/p - quokka
Aim: a quokka (100% to hit)
The magic dart hits the quokka.
The quokka is moderately wounded.
Casting: Magic Dart (safe; 4% risk of failure)
Confirm with . or Enter, or press ? or * to list all spells.
You don't have enough magic to cast this spell.
Unknown command.
Casting: Magic Dart (safe; 4% risk of failure)
Confirm with . or Enter, or press ? or * to list all spells.
You don't have enough magic to cast this spell.
Unknown command.
You closely miss the quokka.
The quokka is moderately wounded.
The quokka misses you.
You hit the quokka.
The quokka is heavily wounded.
The quokka bites you.
* * * LOW HITPOINT WARNING * * *
The quokka bites you.
* * * LOW HITPOINT WARNING * * *
You barely miss the quokka.
The quokka is moderately wounded.
The quokka completely misses you.
You closely miss the quokka.
The quokka is moderately wounded.
The quokka misses you.
You closely miss the quokka.
The quokka is moderately wounded.
The quokka closely misses you. The quokka bites you.
You die...

#.#
#...†.#...#
#.#
#####..##.#
#.# #.....#
#.#
##.##.###
#.# #.......
#.# ########
#.#
#.##########
#....)Jr@..#
##########.#
.# ##


You could see an endoplasm and a quokka.

Vanquished Creatures
  A goblin (D:1)
  2 hobgoblins (D:1)
  A kobold (D:1)
  A ball python (D:1)
  A bat (D:1)
  A rat (D:1)
7 creatures vanquished.

Notes
Turn   | Place    | Note
-------+----------+-------------------------------------------
     0 | D:1      | psko the Spriggan Conjurer began the quest for the Orb.
     0 | D:1      | Reached XP level 1. HP: 9/9 MP: 5/5
   289 | D:1      | Slain by a quokka

Illustrated notes

Levels and vault maps discovered:
D:1:      minmay_arrival_doors, layout_basic, minivault_14,
          hangedman_decor_points, minmay_unequal

Skill      XL: |  1 |
---------------+----+-----
Conjurations   | 3 |  3.2
Dodging        | |  2.7
Stealth        | |  3.0
Spellcasting   | |  2.7

Action                   || total
-------------------------++-------
Melee: Short sword       ||    11
 Cast: Magic Dart        ||    17
Dodge: Dodged            ||    12
